 Dungeon Crawl Stone Soup version 0.27-a0-1065-ge809cff456 (webtiles) character file.

Game seed: 10123704025291286031

14 robertstho the Stinger (level 2, -2/22 HPs)
             Began as a Naga Venom Mage on Apr 23, 2021.
             Slain by a kobold
             ... wielding a +0 short sword
              (3 damage)
             ... on level 1 of the Dungeon.
             The game lasted 00:01:10 (336 turns).

robertstho the Stinger (Naga Venom Mage)             Turns: 336, Time: 00:01:11

Health: -2/22      AC:  1    Str: 10    XL:     2   Next: 45%
Magic:  1/5        EV:  9    Int: 15    God:
Gold:   0          SH:  0    Dex: 11    Spells: 4/5 levels left

rFire    . . .     SeeInvis +   b - +0 hand axe
rCold    . . .     Faith    .   (no shield)
rNeg     . . .     Spirit   .   a - +0 robe
rPois    +         Reflect  .   (no helmet)
rElec    .         Harm     .   (no cloak)
rCorr    .         Rampage  .   (no gloves)
Will     .....                  (no barding)
Stlth    ++........             (no amulet)
HPRegen  0.07/turn              (no ring)
MPRegen  0.09/turn              (no ring)

@: about to teleport, short of breath, very slow
A: AC +0, large, see invisible, deformed body, poison resistance, slowness 2,
spit poison 1, naga tail 1
a: Spit Poison


You were on level 1 of the Dungeon.
You visited 1 branch of the dungeon, and saw 1 of its levels.

Inventory:

Hand Weapons
 b - a +0 hand axe (weapon)
Armour
 a - a +0 robe (worn)


   Skills:
 + Level 1.5 Dodging
 + Level 3.1 Stealth
 * Level 2.2 Spellcasting
 * Level 1.1 Transmutations
 * Level 4.6 Poison Magic


You had 4 spell levels left.
You knew the following spells:

 Your Spells              Type           Power      Damage    Failure   Level
a - Sting                 Tmut/Pois      40%        1d5       7%          1

Your spell library contained the following spells:

 Spells                   Type           Power      Damage    Failure   Level
 Poisonous Vapours        Pois/Air       16%        N/A       13%         2
 Ignite Poison            Fire/Tmut/Pois 7%         N/A       30%         3
 Olgreb's Toxic Radiance  Pois           15%        N/A       32%         4
 Mephitic Cloud           Conj/Pois/Air  6%         N/A       34%         3


Dungeon Overview and Level Annotations

Branches:
Dungeon (1/15)

Altars:


Innate Abilities, Weirdness & Mutations

Your serpentine skin is tough. (AC +0)
You have supernaturally acute eyesight. (SInv)
Armour fits poorly on your strangely shaped body.
Your system is resistant to poisons. (rPois)
You cover ground very slowly.
You can spit poison.
You have a snake-like lower body.


Message History

Aiming: Sting (safe; 7% risk of failure)
Press: ? - help, Shift-Dir - straight line, f/p - jackal
Aim: a jackal (64% to hit)
The sting hits the jackal.
The jackal is poisoned.
The jackal is moderately wounded.
The jackal barks!
The jackal barely misses you. The jackal closely misses you.
Casting: Sting (safe; 7% risk of failure)
Confirm with . or Enter, or press ? or * to list all spells.
Aiming: Sting (safe; 7% risk of failure)
Press: ? - help, Shift-Dir - straight line, f/p - jackal
Aim: a jackal (severely wounded, poisoned, 64% to hit)
The sting hits the jackal.
The jackal looks even sicker.
You kill the jackal!
Unknown command.
Casting: Sting (safe; 7% risk of failure)
Confirm with . or Enter, or press ? or * to list all spells.
Aiming: Sting (safe; 7% risk of failure)
Press: ? - help, Shift-Dir - straight line, f - kobold
Aim: a kobold, wielding a +0 short sword (64% to hit)
The sting misses the kobold.
The kobold closely misses you.
Unknown command.
You miss the kobold.
You have got your breath back.
The kobold closely misses you.
You hit the kobold.
The kobold is moderately wounded.
The kobold hits you with a +0 short sword.
* * * LOW HITPOINT WARNING * * *
Press: ? - help, Shift-Dir - straight line, f/p - kobold
Aim: a kobold, wielding a +0 short sword (moderately wounded)
The splash of poison misses the kobold.
The kobold barely misses you.
You aren't carrying any potions.
As you read the scroll labelled RAFEEDD RUZUYK, it crumbles to dust.
You feel strangely unstable.
It was a scroll of teleportation.
The kobold hits you with a +0 short sword.
* * * LOW HITPOINT WARNING * * *
Unknown command.
The kobold hits you with a +0 short sword.
You die...

........................
#..........#............
#..........##.).......(.
.........§.....[........
...≈≈≈≈≈≈§.............!
..≈≈## #≈§......h######
..≈## ##≈.....#S# ..≈#
#§§...#≈K# ..≈#
#§.§...#@# ..≈##
##§.§.....#
..≈≈####≈≈.......#
...≈≈≈≈≈≈........#
.................#
#..........##....#
#..........#....##
...............##
......#.......##


You could see a jackal, a ball python and a kobold.

Vanquished Creatures
  2 dart slugs (D:1)
  A ball python (D:1)
  An endoplasm (D:1)
  A goblin (D:1)
  A hobgoblin (D:1)
  2 jackals (D:1)
  A rat (D:1)
9 creatures vanquished.

Notes
Turn   | Place    | Note
-------+----------+-------------------------------------------
     0 | D:1      | robertstho the Naga Venom Mage began the quest for the Orb.
     0 | D:1      | Reached XP level 1. HP: 15/15 MP: 3/3
   130 | D:1      | Reached XP level 2. HP: 22/22 MP: 5/5
   335 | D:1      | HP: 1/22 [kobold/+0 short sword (5)]
   336 | D:1      | Slain by a kobold

Illustrated notes

Levels and vault maps discovered:
D:1:      sevenhm_arrival_forest_fort_small_3, layout_basic,
          kennysheep_decorative_pillar, minmay_misc_feat_room,
          minmay_misc_feat_five, minmay_vboxes

Action                   || total
-------------------------++-------
Melee: Unarmed           ||     2
       Hand axe          ||     8
 Cast: Sting             ||     9
 Abil: Spit Poison       ||     8
  Use: Scroll            ||     1
Dodge: Dodged            ||    11

Table legend: (Time is in decaauts)
 A = Elapsed time spent in this place.
 B = Non-inter-level travel time spent in this place.
 C = Inter-level travel time spent in this place.
 D = Time resting spent in this place.
 E = Time spent auto-exploring this place.
 F = Levels seen in this place.
 G = Mean time per level.
                   A        B        C        D        E       F      G
               +--------+--------+--------+--------+--------+-----+--------+
         Total |    373 |    373 |      0 |      0 |    297 |   1 |  373.0 |
       Dungeon |    373 |    373 |      0 |      0 |    297 |   1 |  373.0 |
               +--------+--------+--------+--------+--------+-----+--------+

Top non-repeatable levels by time:
     D:1: 373 daAuts
